 Dungeon Crawl Stone Soup version 0.31-a0-1008-g5b978dac0e (webtiles) character file.

Game seed: 2534355076623485773

269 GenialerGandalf the Chopper (level 6, -8/53 HPs)
             Began as a Hill Orc Fighter on Nov 12, 2023.
             Mangled by a mummy (13 damage)
             ... in an ossuary.
             The game lasted 00:08:03 (2633 turns).

GenialerGandalf the Chopper (Hill Orc Fighter)      Turns: 2633, Time: 00:08:04

Health: -8/53      AC:  8    Str: 21    XL:     6   Next: 22%
Magic:  6/6        EV:  9    Int:  8    God:
Gold:   109        SH:  4    Dex: 10    Spells: 5/5 levels left

rFire   . . .        a - +0 war axe
rCold   . . .        c - +0 buckler
rNeg    . . .        b - +0 scale mail
rPois   .            f - +0 helmet
rElec   .            (no cloak)
rCorr   .            (no gloves)
SInv    .            (no boots)
Will    .....        (no amulet) Stlth
                     (no ring)
HPRegen 0.28/turn    (no ring)
MPRegen 0.10/turn

%: no passive effects
@: no status effects
A: no striking features
a: no special abilities


You were in an ossuary.
You visited 1 branch of the dungeon, and saw 4 of its levels.
You also visited: Ossuary.

You collected 109 gold pieces.

Inventory:

Hand Weapons
 a - a +0 war axe (weapon)
Missiles
 k - a throwing net
Armour
 b - a +0 scale mail (worn)
 c - a +0 buckler (worn)
 f - a +0 helmet (worn)
Wands
 q - a wand of flame (28)
Scrolls
 i - a scroll of immolation
 l - 3 scrolls of enchant armour
 n - a scroll of fog {unknown}
 o - 2 scrolls of poison
 p - a scroll of blinking {unknown}
 s - a scroll of identify
Potions
 d - a potion of might
 e - a potion of resistance {unknown}
 g - a potion of degeneration {unknown}
 h - 2 potions of magic
 j - a potion of enlightenment {unknown}
 m - 2 potions of curing {unknown}
 r - 2 potions of berserk rage {unknown}


   Skills:
 * Level 4.6 Fighting
 * Level 6.0 Axes
 * Level 4.5 Armour
 * Level 4.1 Shields


You had 5 spell levels left.
You didn't know any spells.
Your spell library was empty.

Dungeon Overview and Level Annotations

Branches:
Dungeon (4/15)            Ossuary (1/1)
 Temple: D:4-7

Altars:
Ru
Wu Jian

Shops:
D:1 =


Message History

The mummy is severely damaged.
You hit the mummy. You slash the orc zombie!
You destroy the orc zombie!
The mummy hits you.
You completely miss the mummy.
The mummy is severely damaged.
You barely miss the mummy. You hit the mummy. You closely miss the mummy.
The mummy hits you but does no damage. x2; The mummy barely misses you.
You hit the mummy.
The mummy is almost destroyed.
You hit the mummy. You hit the mummy but do no damage.
You closely miss the mummy. The mummy hits you. The mummy hits you!
The mummy barely misses you.
You slash the mummy!
You destroy the mummy!
You closely miss the mummy. You hit the mummy.
You destroy the mummy!
You barely miss the mummy. You block the mummy's attack. The mummy hits you!
You slash the orc zombie!
You destroy the orc zombie!
You barely miss the mummy. You hit the mummy. The mummy hits you.
The mummy barely misses you. The mummy hits you but does no damage.
You slash the mummy!
The mummy is severely damaged.
You slash the mummy!
You destroy the mummy!
You hit the mummy. You block the mummy's attack.
Your Axes skill increases to level 6!
The mummy barely misses you.
You closely miss the mummy.
The mummy is lightly damaged.
The mummy hits you!
* * * LOW HITPOINT WARNING * * *
You barely miss the mummy.
The mummy is lightly damaged.
You barely miss the mummy.
The mummy is lightly damaged.
The mummy hits you!
You die...

....##....##...
...............
..............
............
#........#
#......# #....#
#....# #M@..#
#....# #....#
#....# #....#
#....# #.∩∩.#
######


You could see a mummy.

Vanquished Creatures
  Natasha (D:4)
  4 mummies
  8 adders
  An adder skeleton (D:2)
  3 worms (D:2)
  A dart slug (D:2)
  9 orcs (D:3)
  6 endoplasms
  6 giant cockroaches
  2 gnoll zombies (Ossuary)
  5 goblins
  10 hobgoblins
  4 jackals (D:3)
  3 quokkas
  5 ball pythons
  A ball python skeleton (D:2)
  A ball python zombie (D:2)
  4 bats
  3 frilled lizards
  A hobgoblin zombie (Ossuary)
  A jackal zombie (D:2)
  10 kobolds
  2 kobold zombies (Ossuary)
  3 orc zombies (Ossuary)
  A quokka skeleton (D:2)
  A quokka zombie (D:2)
  7 rats
103 creatures vanquished.

Notes
Turn   | Place    | Note
-------+----------+-------------------------------------------
     0 | D:1      | GenialerGandalf the Hill Orc Fighter began the quest for
                  | the Orb.
     0 | D:1      | Reached XP level 1. HP: 19/19 MP: 1/1
   108 | D:1      | Reached XP level 2. HP: 26/27 MP: 2/2
   292 | D:1      | You fall into a shaft and drop 1 floor!
   299 | D:2      | Reached skill level 3 in Axes
   305 | D:2      | Reached XP level 3. HP: 23/33 MP: 3/3
   598 | D:1      | Found Hunloghu's Jewellery Emporium.
   862 | D:2      | Reached skill level 4 in Axes
   862 | D:2      | Reached XP level 4. HP: 38/40 MP: 4/4
  1527 | D:2      | Reached XP level 5. HP: 43/47 MP: 5/5
  1798 | D:3      | Found a sacrificial altar of Ru.
  1930 | D:3      | Found an ornate altar of the Wu Jian Council.
  1982 | D:3      | Reached skill level 5 in Axes
  2543 | D:4      | Noticed Natasha
  2552 | D:4      | Killed Natasha
  2576 | D:4      | Found a sand-covered staircase.
  2590 | D:4      | Reached XP level 6. HP: 45/53 MP: 6/6
  2593 | Ossuary  | Entered an ossuary
  2629 | Ossuary  | Reached skill level 6 in Axes
  2633 | Ossuary  | Mangled by a mummy

Illustrated notes

Levels and vault maps discovered:
D:1:      onia_arrival_pyramid, layout_basic, serial_shops,
          nicolae_shop_advertising_works [nicolae_subvault_shop_adworks],
          serial_bayou, serial_bayou_pond_b, serial_bayou_crossing,
          serial_bayou_shore_a, serial_bayou_pond_e, minmay_tiny_reverse_x
D:2:      layout_basic, serial_undead, serial_undead_e, serial_undead_e,
          serial_undead_f, serial_undead_c
D:3:      layout_basic, nzn_wu_jian_contemplation, mainiacjoe_overflow_brackets
D:4:      layout_basic, trog_antimagical, serial_shops, nicolae_shop_trees,
          serial_curves, eino_curves_01, eino_curves_02,
          gup_ossuary_entry_pyramid, uniq_natasha, uniq_menkaure
Ossuary:  ossuary_tomb_3

Skill      XL: |  1  2  3  4  5  6 |
---------------+-------------------+-----
Axes           | 3 4 5 6 |  6.0
Fighting       | 4 |  4.6
Armour         | 4 |  4.5
Shields        | 4 |  4.1

Action                     |  1- 3 |  4- 6 || total
---------------------------+-------+-------++-------
  Melee: War axe           |    93 |   187 ||   280
    Use: Scroll            |       |     4 ||     4
 Armour: Scale mail        |    67 |   139 ||   206
  Dodge: Dodged            |    51 |    95 ||   146
  Block: Buckler           |    27 |    49 ||    76

Table legend: (Time is in decaauts)
 A = Elapsed time spent in this place.
 B = Non-inter-level travel time spent in this place.
 C = Inter-level travel time spent in this place.
 D = Time resting spent in this place.
 E = Time spent auto-exploring this place.
 F = Levels seen in this place.
 G = Mean time per level.
                   A        B        C        D        E       F      G
               +--------+--------+--------+--------+--------+-----+--------+
         Total |   2751 |   2649 |    102 |      0 |   1868 |   5 |  550.2 |
       Dungeon |   2707 |   2605 |    102 |      0 |   1868 |   4 |  676.8 |
       Ossuary |     44 |     44 |      0 |      0 |      0 |   1 |   44.0 |
               +--------+--------+--------+--------+--------+-----+--------+

Top non-repeatable levels by time:
     D:2: 1074 daAuts
     D:1: 797 daAuts
     D:3: 672 daAuts
     D:4: 162 daAuts
 Ossuary: 44 daAuts
